 Dungeon Crawl Stone Soup version 0.25-a0-528-g6b7c99946c (webtiles) character file.

Game seed: 947833430975463097, levelgen mode: deterministic

4071 vurker the Zephyrmancer (level 10, -1/59 HPs)
             Began as a Tengu Air Elementalist on Feb 19, 2020.
             Was an Initiate of Vehumet.
             Slain by a crocodile (6 damage)
             ... while petrified by a basilisk
             ... on level 7 of the Dungeon.
             The game lasted 00:19:18 (12168 turns).

vurker the Zephyrmancer (Tengu Air Elementalist)   Turns: 12168, Time: 00:19:18

Health: -1/59      AC:  5    Str:  8    XL:     10   Next: 25%
Magic:  5/23       EV:  2    Int: 18    God:    Vehumet [......]
Gold:   259        SH:  0    Dex: 16    Spells: 15/25 levels left

rFire    . . .     SeeInvis .   x - +4 dagger
rCold    . . .     Gourm    .   (no shield)
rNeg     + + +     Faith    .   u - +1 robe {MR+}
rPois    ∞         Spirit   .   (helmet restricted)
rElec    .         Reflect  .   (no cloak)
rCorr    .         Harm     .   o - +1 pair of gloves
MR       +....                  (boots unavailable)
Stlth    ++........             (no amulet)
HPRegen  0.19/turn              (no ring)
MPRegen  0.18/turn              (no ring)

@: petrified, flying quickly and evasively, quick
A: beak, talons 3, able to fly
a: Stop Flying, Renounce Religion


You were on level 7 of the Dungeon.
You worshipped Vehumet.
Vehumet was noncommittal.
You were hungry.

You visited 2 branches of the dungeon, and saw 9 of its levels.

You collected 406 gold pieces.
You spent 147 gold pieces at shops.

Inventory:

Hand Weapons
 x - a +4 dagger (weapon)
   (You found it on level 8 of the Dungeon)
Missiles
 n - a throwing net (quivered)
Armour
 o - a +1 pair of gloves (worn)
   (You found it on level 3 of the Dungeon)
 u - a +1 robe of magic resistance (worn)
   (You took it off a wight on level 6 of the Dungeon)
Magical Staves
 a - an uncursed staff of cold
   (You found it on level 2 of the Dungeon)
 w - an uncursed staff of earth
   (You found it on level 8 of the Dungeon)
Wands
 d - a wand of iceblast (17)
   (You found it on level 5 of the Dungeon)
 p - a wand of polymorph (10)
   (You found it on level 5 of the Dungeon)
Scrolls
 b - a scroll of immolation
 h - 2 scrolls of blinking
 i - 4 scrolls of remove curse
 j - a scroll of fear
 k - a scroll of fog
 q - a scroll of enchant armour
 t - 2 scrolls of teleportation
 v - a scroll of magic mapping
Potions
 c - 3 potions of curing
 g - a potion of heal wounds
 m - a potion of mutation
 r - a potion of haste
 s - a potion of invisibility
Comestibles
 e - 10 rations
 f - 2 chunks of flesh


   Skills:
 + Level 5.5 Fighting
 - Level 2.1 Dodging
 - Level 2.0 Stealth
 * Level 8.0 Spellcasting
 + Level 8.0 Conjurations
 * Level 11.5 Air Magic


You had 15 spell levels left.
You knew the following spells:

 Your Spells              Type           Power        Failure   Level  Hunger
a - Shock                 Conj/Air       ####         1%          1    None
b - Lightning Bolt        Conj/Air       #####.....   4%          5    #####..
c - Airstrike             Air            #####.....   1%          4    ###....

Your spell library contained the following spells:

 Spells                   Type           Power        Failure   Level  Hunger
 Swiftness                Chrm/Air       ####....     1%          2    None
 Static Discharge         Conj/Air       #####...     1%          3    #......


Dungeon Overview and Level Annotations

Branches:
Dungeon (8/15)             Temple (1/1) D:7
   Lair: D:8-11

Altars:
Ashenzari
Cheibriados
Dithmenos
Fedhas
Gozag
Hepliaklqana
Kikubaaqudgha
Nemelex Xobeh
Okawaru
Qazlal
Ru
Sif Muna
Trog
Vehumet
Wu Jian
Xom
Yredelemnul

Shops:
D:6 }[[%=   D:7 ?


Innate Abilities, Weirdness & Mutations

You have a beak for a mouth.
You have claws for feet.
You can fly continuously.


Message History

Aim: a basilisk The air twists around and strikes the basilisk!
The quokka bites you but does no damage.
The crocodile bites you! The basilisk gazes at you.
You resist with almost no effort. The quokka closely misses you.
Aim: a basilisk (moderately wounded)
The air twists around and strikes the basilisk!
You are feeling hungry.
The crocodile misses you. The basilisk gazes at you.
You are slowing down.
The quokka bites you but does no damage.
Aim: a basilisk (severely wounded)
The air twists around and strikes the basilisk!
The quokka bites you.
The crocodile bites you but does no damage.
The basilisk bites you. The crocodile bites you. The quokka bites you.
Your limbs are stiffening.
Aim: a basilisk (almost dead)
The air twists around and strikes the basilisk!
You kill the basilisk!
Vehumet accepts your kill.
Your Spellcasting skill increases to level 8!
Your Conjurations skill increases to level 8!
The quokka barely misses you.
The crocodile bites you but does no damage.
You have turned to stone.
The quokka bites you but does no damage.
The crocodile bites you!
The quokka bites you but does no damage.
The crocodile barely misses you.
The quokka bites you but does no damage.
The crocodile bites you!
* * * LOW HITPOINT WARNING * * *
The quokka bites you but does no damage. x2
The crocodile bites you!!
* * * LOW HITPOINT WARNING * * *
The quokka bites you.
* * * LOW HITPOINT WARNING * * *
The crocodile bites you!
* * * LOW HITPOINT WARNING * * *
The quokka bites you.
* * * LOW HITPOINT WARNING * * *
The crocodile bites you.
* * * LOW HITPOINT WARNING * * *
The quokka bites you.
* * * LOW HITPOINT WARNING * * *
The crocodile bites you!
You die...

#......# #### #......# ...#
#......# ...######## #......#
..........# #..[...#
..........# #......#
..........# #[.....#
..........#####r.....#
..........'....t@....#
..........#####......#########
...##.....#####......#.......#
...##........##......#.#####.#
...##........##......#.# #.#
...##........##......#.#####.#
#..##........###'#####.#...#.#
##.##........# #.#####.#.#.#.#
##.##........# #...........#.#


You could see a crocodile and a quokka.

Vanquished Creatures
  A two-headed ogre (D:8)
  Sigmund (D:2)
  A basilisk (D:7)
  2 humans (D:7)
  A hungry ghost (D:8)
  A sky beast (D:7)
  Purgy (D:3)
  A phantom (D:4)
  An ice beast (D:7)
  A necrophage (D:5)
  3 ogres
  2 centaurs
  3 bullfrogs (D:6)
  2 scorpions
  A water moccasin skeleton (D:7)
  8 wights
  A howler monkey (D:4)
  A crimson imp (D:5)
  2 orc priests
  A jelly (D:5)
  2 hounds
  11 orc wizards
  A gnoll shaman (D:3)
  2 bullfrog skeletons
  An iron imp (D:7)
  8 worker ants
  A hound skeleton (D:6)
  2 worker ant zombies
  9 gnolls
  10 adders
  A shadow imp (D:7)
  An ooze (D:1)
  An adder skeleton (D:6)
  3 worms
  A dart slug (D:4)
  4 leopard geckos
  29 orcs
  3 ball pythons
  5 giant cockroaches
  8 hobgoblins
  16 jackals
  5 quokkas
  6 bats
  3 frilled lizards
  5 goblins
  8 kobolds
  A leopard gecko skeleton (D:7)
  6 rats
188 creatures vanquished.

Vanquished Creatures (others)
  2 bushes (D:8)
  3 fungi (D:8)
  12 plants (D:8)
17 creatures vanquished.

Grand Total: 205 creatures vanquished

Notes
Turn   | Place    | Note
-------+----------+-------------------------------------------
     0 | D:1      | vurker the Tengu Air Elementalist began the quest for the
                  | Orb.
     0 | D:1      | Reached XP level 1. HP: 10/10 MP: 4/4
   339 | D:1      | Reached XP level 2. HP: 15/15 MP: 4/6
   770 | D:1      | Reached XP level 3. HP: 20/20 MP: 2/7
  1730 | D:2      | Reached XP level 4. HP: 24/24 MP: 6/9
  1735 | D:2      | Reached skill level 1 in Fighting
  1876 | D:2      | Reached skill level 5 in Air Magic
  2008 | D:2      | Noticed Sigmund
  2477 | D:3      | Gained mutation: You can fly continuously. [Tengu growth]
  2477 | D:3      | Reached XP level 5. HP: 24/29 MP: 6/10
  3298 | D:3      | Learned a level 5 spell: Lightning Bolt
  3303 | D:3      | Learned a level 4 spell: Airstrike
  3548 | D:3      | Noticed Purgy
  3935 | D:4      | Reached skill level 6 in Air Magic
  3935 | D:4      | Reached XP level 6. HP: 35/35 MP: 7/12
  4446 | D:4      | Noticed a phantom
  4454 | D:4      | Reached XP level 7. HP: 23/40 MP: 1/14
  4856 | D:4      | Reached skill level 7 in Air Magic
  5974 | D:4      | Reached skill level 5 in Spellcasting
  5974 | D:4      | Reached XP level 8. HP: 46/46 MP: 11/16
  5975 | D:4      | Reached skill level 5 in Conjurations
  6131 | D:4      | Reached skill level 8 in Air Magic
  6793 | D:3      | Killed Purgy
  7275 | D:2      | Killed Sigmund
  7483 | D:5      | Entered Level 5 of the Dungeon
  7938 | D:5      | Reached skill level 9 in Air Magic
  8495 | D:6      | Found Bose Kao's Food Boutique.
  8524 | D:6      | Reached XP level 9. HP: 48/52 MP: 2/19
  9080 | D:6      | Found Neadd's Antique Armour Boutique.
  9138 | D:6      | Found Fiduces's Armour Emporium.
  9370 | D:6      | Found a bloodstained altar of Trog.
  9396 | D:6      | Found an iron altar of Okawaru.
  9425 | D:6      | Found Ylewn's Gadget Boutique.
  9439 | D:6      | Reached skill level 10 in Air Magic
  9600 | D:6      | Found Yqathiaj's Jewellery Shop.
 10003 | D:7      | Found a sacrificial altar of Ru.
 10089 | D:7      | Found an iron altar of Okawaru.
 10295 | D:7      | Found a hazy altar of Hepliaklqana.
 10712 | D:7      | Reached skill level 5 in Fighting
 10893 | D:7      | Found Ziesh's Magic Scroll Shop.
 10900 | D:7      | Bought a scroll of identify for 20 gold pieces
 10900 | D:7      | Bought a scroll of identify for 20 gold pieces
 11023 | D:7      | Found a staircase to the Ecumenical Temple.
 11146 | Temple   | Entered the Ecumenical Temple
 11222 | Temple   | Became a worshipper of Vehumet
 11416 | D:7      | Found a snail-covered altar of Cheibriados.
 11748 | D:6      | Bought an embroidered robe for 107 gold pieces
 11898 | D:8      | Noticed a two-headed ogre
 11929 | D:8      | Killed a two-headed ogre
 11929 | D:8      | Reached skill level 11 in Air Magic
 11929 | D:8      | Reached XP level 10. HP: 59/59 MP: 1/22
 12168 | D:7      | Slain by a crocodile

Levels and vault maps discovered:
D:1:      minmay_arrival_three_doors, layout_rooms
D:2:      layout_basic, uniq_sigmund
D:3:      layout_basic, first_ration, uniq_purgy
D:4:      layout_layer_cave
D:5:      layout_basic
D:6:      layout_rooms, grunt_temple_overflow_bloody_war, serial_shops, shop,
          kennysheep_mini_moat, shop, nicolae_shop_waterfront, shop_fountains,
          corexii_hall_statues_i
D:7:      layout_basic, overflow_temple_1_default, old_standard_altar,
          slow_altar_2, minmay_temple_entry_butterflies, serial_shops,
          kennysheep_little_box, okawaru_humans
D:8:      layout_loops_ring, minmay_lair_entry_grove, uniq_gastronok
Temple:   regret_index_temple_sphere_string

Skill      XL: |  1  2  3  4  5  6  7  8  9 10 |
---------------+-------------------------------+-----
Conjurations   | 2 3 4 6 7 8 |  8.0
Fighting       | 1 2 3 4 5 |  5.5
Air Magic      | 5 6 7 9 11 | 11.5
Spellcasting   | 3 4 5 6 7 8 |  8.0
Dodging        | |  2.1
Stealth        | |  2.0

Action                   |  1- 3 |  4- 6 |  7- 9 | 10-12 || total
-------------------------+-------+-------+-------+-------++-------
Melee: Unarmed           |     9 |       |       |       ||     9
       Kick              |     3 |     2 |     2 |       ||     7
       Peck              |     3 |     1 |     6 |     1 ||    11
       Dagger            |    15 |     7 |    28 |     3 ||    53
 Cast: Shock             |    49 |   157 |   208 |     2 ||   416
       Airstrike         |       |       |    70 |     7 ||    77
 Abil: Fly               |       |     1 |       |       ||     1
  Use: Potion            |       |     1 |     3 |       ||     4
       Scroll            |       |       |    19 |       ||    19
  Eat: Chunk             |     2 |     9 |    25 |     1 ||    37
       Ration            |       |       |     2 |       ||     2
Armor: Robe              |     3 |     3 |     6 |     9 ||    21
       Troll leather arm |       |       |     6 |       ||     6
Dodge: Dodged            |    29 |    22 |    63 |    10 ||   124

Table legend:
 A = Non-vault XP
 B = Vault XP
 C = Vault XP percentage of total XP
 D = Non-vault monster count
 E = Vault monster count
 F = Vault count percentage of total count
                 A         B        C        D         E       F
            +---------+---------+-------+---------+---------+-------
      Total |    4822 |     995 |  17.1 |     181 |       7 |   3.7
            +---------+---------+-------+---------+---------+-------
        D:1 |      56 |       0 |   0.0 |      23 |       0 |   0.0
        D:2 |      90 |     223 |  71.2 |      17 |       1 |   5.6
        D:3 |     237 |     138 |  36.8 |      29 |       1 |   3.3
        D:4 |    1023 |       0 |   0.0 |      44 |       0 |   0.0
        D:5 |     495 |       0 |   0.0 |      11 |       0 |   0.0
        D:6 |     920 |       3 |   0.3 |      28 |       1 |   3.4
        D:7 |     882 |     631 |  41.7 |      23 |       4 |  14.8
        D:8 |    1119 |       0 |   0.0 |       6 |       0 |   0.0
            +---------+---------+-------+---------+---------+-------
